 Dungeon Crawl Stone Soup version 0.19.1 (webtiles) character file.

76 FortunaImperatrix the Charmwright (level 4, -1/29 HPs)
             Began as a High Elf Skald on Dec 5, 2016.
             Slain by a goblin (5 damage)
             ... led by Robin
             ... on level 2 of the Dungeon.
             The game lasted 00:09:23 (2350 turns).

FortunaImperatrix the Charmwright (High Elf Skald)  Turns: 2350, Time: 00:09:23

Health: -1/29      AC:  4    Str: 11    XL:     4   Next: 12%
Magic:  1/8        EV: 12    Int: 16    God:
Gold:   63         SH:  0    Dex: 15    Spells: 4 memorised, 0 levels left

rFire  . . .     SeeInvis .     a - +0 short sword
rCold  . . .     Gourm    .     f - +2 robe {MR+}
rNeg   . . .     Faith    .     (no shield)
rPois  .         Spirit   .     (no helmet)
rElec  .         Reflect  .     (no cloak)
rCorr  .         Harm     .     (no gloves)
MR     +....                    (no boots)
Stlth  ++........               (no amulet)
                                (no ring)
                                (no ring)

@: no status effects
A: no striking features
a: no special abilities


You were on level 2 of the Dungeon.
You were hungry.

You visited 1 branch of the dungeon, and saw 2 of its levels.

You collected 63 gold pieces.

Inventory:

Hand Weapons
 a - a +0 short sword (weapon)
Missiles
 p - 8 poisoned needles
Armour
 f - a +2 robe of magic resistance (worn)
Jewellery
 m - an uncursed amulet of magic regeneration {unknown}
Scrolls
 b - a scroll of enchant weapon {unknown}
 e - 2 scrolls of identify {unknown}
 g - a scroll of recharging {unknown}
 j - a scroll of random uselessness {unknown}
 n - a scroll of remove curse {unknown}
 o - a scroll of blinking {unknown}
 r - a scroll of noise {unknown}
 t - a scroll of fog {unknown}
Potions
 h - a potion of berserk rage {unknown}
 k - a potion of ambrosia {unknown}
 l - a potion of brilliance {unknown}
 s - 2 potions of flight {unknown}
Books
 c - a book of Battle

   Spells                             Type                      Level
   a - Infusion                       Charms                       1
   b - Shroud of Golubria             Charms/Translocation         2
   c - Song of Slaying                Charms                       2
   d - Spectral Weapon                Hexes/Charms                 3
   e - Regeneration                   Charms/Necromancy            3
 q - a book of Minor Magic

   Spells                             Type                      Level
   a - Magic Dart                     Conjuration                  1
   b - Blink                          Translocation                2
   c - Call Imp                       Summoning                    2
   d - Repel Missiles                 Charms/Air                   2
   e - Slow                           Hexes                        2
   f - Conjure Flame                  Conjuration/Fire             3
   g - Mephitic Cloud                 Conjuration/Poison/Air       3
Comestibles
 d - a bread ration
 i - a slice of pizza


   Skills:
 - Level 2.0 Fighting
 - Level 3.0 Short Blades
 - Level 1.1 Armour
 - Level 1.1 Dodging
 * Level 2.4 Stealth
 * Level 2.6 Spellcasting
 * Level 4.5 Charms
 * Level 0.9 Translocations


You couldn't memorise any spells.
You knew the following spells:

 Your Spells              Type           Power        Failure   Level  Hunger
a - Infusion              Chrm           ###.         3%          1    #......
b - Shroud of Golubria    Chrm/Tloc      ##........   12%         2    ##.....
c - Regeneration          Chrm/Necr      #.........   28%         3    ###....
d - Blink                 Tloc           N/A          21%         2    ##.....


Dungeon Overview and Level Annotations

Branches:
Dungeon (2/15)

Altars:
Ashenzari

Annotations:
D:2 Robin


Message History

You hit Robin.
Robin is almost dead.
Robin disappears!
The goblin hits you but does no damage. The goblin hits you.
Your shroud falls apart!
You hit the goblin.
The goblin is heavily wounded.
The goblin hits you but does no damage. The goblin hits you.
Your magical contamination has completely faded away.
You hit the goblin.
You kill the goblin!
The goblin hits you.
* * * LOW HITPOINT WARNING * * *
You completely miss the goblin. The goblin barely misses you.
You hit the goblin.
The goblin is heavily wounded.
The goblin barely misses you.
You barely miss the goblin.
The goblin is heavily wounded.
The goblin hits you.
You die...

##### #.#.## ####.#..
###########.......
.........##.##...#
########.##.#...g#
.......#.##.#..#@#
.......#.##.#..#†#
.........##.#..#.#
...............#.##
###########.......#
..............(...#########
..........).......##......#
.........(........##......#
.............#............#


You could see a goblin.

Vanquished Creatures
  A gnoll (D:2)
  An adder (D:2)
  A worm (D:2)
  A dart slug (D:1)
  A leopard gecko (D:2)
  4 giant cockroaches
  11 goblins
  3 hobgoblins
  7 jackals (D:1)
  8 bats
  A frilled lizard (D:2)
  2 kobolds
  5 rats
46 creatures vanquished.

Notes
Turn   | Place    | Note
-------+----------+-------------------------------------------
     0 | D:1      | FortunaImperatrix the High Elf Skald began the quest for the Orb.
     0 | D:1      | Reached XP level 1. HP: 14/14 MP: 4/4
    99 | D:1      | Reached skill level 1 in Armour
   348 | D:1      | Reached XP level 2. HP: 17/19 MP: 6/6
   352 | D:1      | Learned a level 2 spell: Shroud of Golubria
   497 | D:1      | Reached skill level 4 in Charms
   525 | D:1      | Reached skill level 1 in Stealth
  1272 | D:2      | Reached XP level 3. HP: 24/24 MP: 7/7
  1279 | D:2      | Learned a level 3 spell: Regeneration
  1985 | D:2      | Found a shattered altar of Ashenzari.
  2051 | D:2      | Noticed Robin
  2078 | D:2      | Reached XP level 4. HP: 15/29 MP: 5/8
  2091 | D:2      | Learned a level 2 spell: Blink
  2350 | D:2      | Slain by a goblin

Skill      XL: |  1  2  3 |
---------------+----------+-----
Armour         | 1 |  1.1
Charms         | 4 |  4.5
Stealth        | 1 2 |  2.4
Short Blades   | 3 |  3.0
Fighting       | |  2.0
Dodging        | |  1.1
Spellcasting   | |  2.6
Translocations | |  0.9

Action                   |  1- 3 |  4- 6 || total
-------------------------+-------+-------++-------
Melee: Short sword       |   208 |    40 ||   248
 Cast: Shroud of Golubri |     4 |     2 ||     6
       Infusion          |     1 |       ||     1
       Regeneration      |       |     1 ||     1
 Stab: Sleeping          |     1 |       ||     1
  Eat: Chunk             |     3 |     2 ||     5
Armor: Robe              |    60 |    12 ||    72
       Leather armour    |     6 |       ||     6
Dodge: Dodged            |   178 |    32 ||   210
